 Dungeon Crawl Stone Soup version 0.20-a0-1121-gbb42413 (webtiles) character file.

2566 grindst0ne the Grappler (level 9, -1/80 HPs)
             Began as a Troll Monk on May 10, 2017.
             Was a Priest of Cheibriados.
             Slain by a two-headed ogre
             ... wielding a cursed -3 giant spiked club
              (31 damage)
             ... on level 8 of the Dungeon.
             The game lasted 00:20:45 (6084 turns).

grindst0ne the Grappler (Troll Monk)                Turns: 6084, Time: 00:20:46

Health: -1/80      AC:  6    Str: 31    XL:     9   Next: 31%
Magic:  8/8        EV: 15    Int: 13    God:    Cheibriados [***...]
Gold:   619        SH:  0    Dex: 24    Spells: 8/8 levels left

rFire    . . .     SeeInvis .     - Unarmed
rCold    + . .     Gourm    +   (no shield)
rNeg     . . .     Faith    .   y - +1 robe "Ydefrup" {*Corrode +Fly rC+ Slay+2}
rPois    .         Spirit   .   (helmet restricted)
rElec    .         Reflect  .   w - scarf {cloud immunity}
rCorr    +         Harm     .   (gloves unavailable)
MR       .....                  (boots unavailable)
Stlth    ++........             (no amulet)
Regen    0.7/turn               F - ring of resist corrosion
MPRegen  0.2/turn               u - +5 ring of dexterity

@: very slow
A: unfitting armour, claws 3, fast metabolism 3, gourmand, regeneration 1,
shaggy fur 1, tough skin 2
a: Bend Time, Temporal Distortion, Renounce Religion, Evoke Flight


You were on level 8 of the Dungeon.
You worshipped Cheibriados.
Cheibriados was most pleased with you.
You were completely stuffed.

You visited 2 branches of the dungeon, and saw 9 of its levels.

You collected 619 gold pieces.

Inventory:

Armour
 a - a +1 robe
 w - a scarf of cloud immunity (worn)
 y - the +1 robe "Ydefrup" (worn) {*Corrode +Fly rC+ Slay+2}
   (You found it on level 6 of the Dungeon)

   It affects your accuracy and damage with ranged weapons and melee attacks
   (+2).
   It protects you from cold.
   It lets you fly.
   It may corrode you when you take damage.
Jewellery
 c - an uncursed ring of teleportation
 g - a +1 ring of protection
 h - an uncursed ring of magical power
 j - an uncursed ring of flight
 u - a +5 ring of dexterity (right claw)
 F - a ring of resist corrosion (left claw)
Wands
 f - a wand of flame (28/48)
 q - a wand of iceblast (9/15)
 v - a wand of enslavement (17/24)
 A - a wand of clouds (6/9)
Scrolls
 e - 3 scrolls of teleportation
 l - 2 scrolls of remove curse
 n - a scroll of fog
 x - 3 scrolls of recharging
 z - a scroll of torment {unknown}
 C - a scroll of identify
Potions
 d - a potion of ambrosia
 i - a potion of brilliance
 k - 2 potions of magic
 o - 3 potions of curing
 p - a potion of heal wounds
 t - a potion of lignification {unknown}
 D - a potion of cancellation {unknown}
Comestibles
 b - 15 bread rations
 m - 4 meat rations
 r - 5 royal jellies
 s - 5 fruits
 E - 2 chunks of flesh


   Skills:
 - Level 2.4 Fighting
 + Level 4.9 Throwing
 + Level 6.3 Dodging
 - Level 1.0 Stealth
 + Level 9.4 Unarmed Combat


You had 8 spell levels left.
You didn't know any spells.

Dungeon Overview and Level Annotations

Branches:
Dungeon (8/15)             Temple (1/1) D:6
   Lair: D:8-11

Altars:
Ashenzari
Cheibriados
Dithmenos
Elyvilon
Fedhas
Gozag
Hepliaklqana
Makhleb
Nemelex Xobeh
Okawaru
Qazlal
Ru
Sif Muna
Trog
Uskayaw
Wu Jian
Xom
Yredelemnul
Zin
The Shining One

Shops:
D:8 %

Annotations:
D:6 Prince Ribbit


Innate Abilities, Weirdness & Mutations

You are too large for most types of armour.
You have claws for hands.
Your metabolism is lightning-fast.
You like to eat raw meat.
Your natural rate of healing is unusually fast.
You are covered in fur. (AC +1)
You have very tough skin. (AC +2)


Message History

You start removing your armour.
You continue taking off your +1 robe. x4
You finish taking off your +1 robe.
You start putting on your armour.
You continue putting on the +1 robe "Ydefrup" {*Corrode +Fly rC+ Slay+2}. x5
You finish putting on the +1 robe "Ydefrup" {*Corrode +Fly rC+ Slay+2}.
r - 5 royal jellies (gained 1)
A two-headed ogre comes into view.
It is wielding a giant spiked club and a giant club.
Found a royal jelly.
You see here 13 gold pieces.
The two-headed ogre barely misses you.
The two-headed ogre hits you with a giant club!
You scratch the two-headed ogre.
The two-headed ogre is lightly wounded.
The two-headed ogre hits you with a giant spiked club!!
The two-headed ogre hits you with a giant club!
You claw the two-headed ogre!
The two-headed ogre is moderately wounded.
The two-headed ogre misses you.
The two-headed ogre hits you with a giant club!!
You die...

#### ..# #.. #.# #.# ###.### #%#
#.....### #.# .###..[....# #.#
.........#.### #.#
####.....#...###O#
####.....###..##@#
#........#.....$.# #.#
#.####.#.#.#####.# #.# # #(#..(#
#...## #.# # #.##..# .....# #.#
# #.##..# #....########.# #
#.##..#####....)(..#...## #
#.####.##........#.####......##
#
#.....รท.............=>....(...#
#


You could see a two-headed ogre.

Vanquished Creatures
  Grinder (D:6)
  A spriggan (D:7)
  Duvessa (D:6)
  An orc warrior (D:7)
  4 ogres
  2 phantoms
  An ice beast (D:5)
  A centaur (D:5)
  A big kobold (D:7)
  A bullfrog (D:6)
  Dowan (D:6)
  A scorpion (D:7)
  A howler monkey (D:5)
  2 bullfrog zombies
  3 crimson imps
  3 hounds
  8 orc wizards
  9 orc priests
  A bullfrog skeleton (D:8)
  Ijyb (D:4)
  2 iguanas
  2 worker ants
  5 adders
  2 adder skeletons
  3 worms
  3 dart slugs
  8 leopard geckos
  28 orcs
  5 bats
  5 giant cockroaches
  5 goblins
  8 hobgoblins
  13 jackals
  15 kobolds
  A quokka (D:7)
  2 ball pythons
  7 frilled lizards
  A quokka skeleton (D:8)
  7 rats
166 creatures vanquished.

Vanquished Creatures (others)
  A jackal (D:2)
1 creature vanquished.

Grand Total: 167 creatures vanquished

Notes
Turn   | Place    | Note
-------+----------+-------------------------------------------
     0 | D:1      | grindst0ne the Troll Monk began the quest for the Orb.
     0 | D:1      | Reached XP level 1. HP: 22/22 MP: 0/0
   155 | D:1      | Reached XP level 2. HP: 29/29 MP: 1/1
   445 | D:1      | Reached XP level 3. HP: 34/36 MP: 2/2
   675 | D:2      | Reached skill level 4 in Unarmed Combat
   846 | D:2      | Found a shadowy altar of Dithmenos.
  1525 | D:3      | Reached XP level 4. HP: 41/44 MP: 3/3
  1605 | D:3      | Reached XP level 5. HP: 20/50 MP: 4/4
  1671 | D:3      | Reached skill level 5 in Unarmed Combat
  2306 | D:4      | Noticed an ogre
  2316 | D:4      | Killed an ogre
  2316 | D:4      | Reached skill level 6 in Unarmed Combat
  2316 | D:4      | Reached XP level 6. HP: 44/59 MP: 5/5
  2595 | D:4      | Reached XP level 7. HP: 60/66 MP: 6/6
  2647 | D:4      | Reached skill level 7 in Unarmed Combat
  2674 | D:4      | Noticed Ijyb
  2757 | D:4      | Killed Ijyb
  2852 | D:4      | Found an ornate altar of the Wu Jian Council.
  2865 | D:4      | Found an iron altar of Okawaru.
  3077 | D:5      | Entered Level 5 of the Dungeon
  3230 | D:5      | Found a shadowy altar of Dithmenos.
  3249 | D:5      | Found a shimmering altar of Xom.
  3537 | D:5      | Reached skill level 8 in Unarmed Combat
  3590 | D:5      | Reached skill level 5 in Dodging
  3590 | D:5      | Reached XP level 8. HP: 59/74 MP: 7/7
  3594 | D:5      | Reached skill level 1 in Throwing
  3634 | D:5      | Found an iron altar of Okawaru.
  3826 | D:6      | Noticed Prince Ribbit
  4142 | D:6      | Got an opalescent robe
  4153 | D:6      | Identified the +1 robe "Ydefrup" {*Corrode +Fly rC+ Slay+2} (You found it on level 6 of the Dungeon)
  4211 | D:6      | Found a staircase to the Ecumenical Temple.
  4253 | Temple   | Entered the Ecumenical Temple
  4286 | Temple   | Became a worshipper of Cheibriados the Contemplative
  4286 | Temple   | Reached * piety under Cheibriados
  4286 | Temple   | Reached ** piety under Cheibriados
  4321 | D:6      | Noticed Dowan
  4322 | D:6      | Noticed Duvessa
  4338 | D:6      | Killed Duvessa
  4339 | D:6      | Killed Dowan
  4501 | D:6      | Noticed Grinder
  4513 | D:6      | Paralysed by Grinder for 6 turns
  4523 | D:6      | Killed Grinder
  5090 | D:7      | Reached skill level 9 in Unarmed Combat
  5264 | D:7      | Reached XP level 9. HP: 80/80 MP: 8/8
  5268 | D:7      | Found a stormy altar of Qazlal.
  5732 | D:7      | Reached *** piety under Cheibriados
  5828 | D:8      | Found Zuhar's Food Emporium.
  6081 | D:8      | Noticed a two-headed ogre
  6084 | D:8      | Slain by a two-headed ogre

Vault maps used:
D:1:      matt_arrival_spirals
D:2:      nicolae_overflow_crystal_walls, first_bread, lemuel_old_faithful
D:3:      minmay_misc_feat_encased, minmay_distorted
D:4:      kennysheep_six_static_rooms, amethyst_overflow_temple_binary,
          uniq_ijyb
D:5:      lemuel_doored_altar, basic_altar, nicolae_dithmenos_shadow_blocks
D:6:      temple_hall, serial_curves, eino_curves_04, eino_curves_03,
          uniq_duvessa, uniq_grinder, uniq_prince_ribbit1
D:7:      marbit_many_paths, the_bakery
D:8:      serial_shops, kennysheep_little_box
Temple:   minmay_freezing_vapour_temple

Skill      XL: |  1  2  3  4  5  6  7  8  9 |
---------------+----------------------------+-----
Unarmed Combat | 4 6 8 9 |  9.4
Dodging        | 3 4 5 6 |  6.3
Throwing       | 4 |  4.9
Fighting       | |  2.4
Stealth        | |  1.0

Action                   |  1- 3 |  4- 6 |  7- 9 || total
-------------------------+-------+-------+-------++-------
Melee: Unarmed           |   121 |   137 |   278 ||   536
       Punch             |     3 |     4 |    16 ||    23
  Use: Scroll            |       |       |    13 ||    13
 Stab: Sleeping          |     2 |       |     6 ||     8
  Eat: Chunk             |    18 |    11 |    26 ||    55
Armor: Robe              |    32 |    27 |    59 ||   118
Dodge: Dodged            |    57 |    57 |   151 ||   265
